 Dungeon Crawl Stone Soup version 0.32-a0-995-gb4a5920 (webtiles) character file.

Game seed: 659138766950069889

448064 Lovepenguin the Impregnable (level 23, -5/223 (232) HPs)
             Began as a Minotaur Alchemist on Apr 22, 2024.
             Was a High Priest of Okawaru.
             Killed by divine providence
             ... invoked by a living spell
             ... summoned by a walking divine tome
              (8 damage)
             ... on level 3 of the Depths.
             The game lasted 01:35:09 (64706 turns).

Lovepenguin the Impregnable (Minotaur Alchemist)   Turns: 64706, Time: 01:35:10

HP:   -5/223 (232)  AC: 43    Str: 30    XL:     23   Next: 14%
MP:   6/33          EV: 12    Int: 16    God:    Okawaru [*****.]
Gold: 1421          SH: 30    Dex: 16    Spells: 23/24 levels left

rFire   + + .        a - +3 broad axe of Okawaru's Inspiration {holy, rC++ rCorr Str+6}
rCold   + + +        z - +0 tower shield {rC+}
rNeg    + . .        V - +9 plate armour of Eternal Vigilance {rPois Stlth+}
rPois   +            d - +2 hat
rElec   +            l - +2 cloak
rCorr   +            w - +0 pair of gloves
SInv    +            A - +2 pair of boots of Sloth {rF+ Dex+2}
Will    +++..        S - amulet "Xoarem" {Reflect ^Contam Rampage rElec SH+5 SInv}
Stlth   +            Z - ring of Beogh's Inspiration {Will+ Int+4 Dex+3}
HPRegen 0.57/turn    r - ring "Rubithot" {rF+ rN+ Will+ Slay+3 Stlth+}
MPRegen 0.23/turn

%: reflection, rampage
@: about to teleport, heroic, lightly drained
A: horns 2, retaliatory headbutt
}: 2/15 runes: decaying, serpentine
a: Renounce Religion, Heroism, Finesse, Duel


You were on level 3 of the Depths.
You worshipped Okawaru.
Okawaru was extremely pleased with you.
You visited 9 branches of the dungeon, and saw 41 of its levels.
You visited 1 bazaar.
You also visited: Trove, Sewer, Bailey and Ice Cave.

You collected 6480 gold pieces.
You spent 5059 gold pieces at shops.

Inventory:

Hand Weapons
 a - the +3 broad axe of Okawaru's Inspiration (weapon) {holy, rC++ rCorr Str+6}
   (Okawaru gifted it to you on level 13 of the Dungeon)

   Str+6:     It affects your strength (+6).
   rC++:      It greatly protects you from cold.
   rCorr:     It protects you from acid and corrosion.
 b - a +7 heavy broad axe
 L - the +5 shortbow "Imofez" {antimagic, rPois rC+ SInv Stlth+}
   (You found it on level 1 of the Depths)

   rC+:       It protects you from cold.
   rPois:     It protects you from poison.
   SInv:      It lets you see invisible.
   Stlth+:    It makes you more stealthy.
Missiles
 g - 16 silver javelins (quivered)
 q - 5 throwing nets
 Q - 28 javelins
 W - 20 curare-tipped darts
Armour
 d - a +2 hat (worn)
 l - a +2 cloak (worn)
 n - the +2 ring mail of True Grit {Int+4}
   (You found it on level 2 of the Depths)

   Int+4:     It affects your intelligence (+4).
 s - the +2 ring mail of Absence {Rampage ^Drain rElec}
   (You found it on level 1 of the Vaults)

   rElec:     It insulates you from electricity.
   ^Drain:    It drains your maximum health when unequipped.
   Rampage:   It bestows one free step when moving towards enemies.
 w - a +0 pair of gloves (worn)
 z - a +0 tower shield of cold resistance (worn)
 A - the +2 pair of boots of Sloth (worn) {rF+ Dex+2}
   (You bought it in a shop on level 6 of the Dungeon)

   Dex+2:     It affects your dexterity (+2).
   rF+:       It protects you from fire.
 K - a scarf of resistance
 O - a +2 kite shield of fire resistance
 V - the +9 plate armour of Eternal Vigilance (worn) {rPois Stlth+}
   (You took it off an orc warlord on level 1 of the Elven Halls)

   rPois:     It protects you from poison.
   Stlth+:    It makes you more stealthy.
 Y - the +1 chain mail of the Zebrataur {rF+}
   (You found it on level 2 of the Depths)

   rF+:       It protects you from fire.
Jewellery
 r - the ring "Rubithot" (right hand) {rF+ rN+ Will+ Slay+3 Stlth+}
   (You found it in a treasure trove)

   [ring of protection from fire]

   Slay+3:    It affects your accuracy & damage with ranged weapons and melee
   (+3).
   rF+:       It protects you from fire.
   rN+:       It protects you from negative energy.
   Will+:     It increases your willpower.
   Stlth+:    It makes you more stealthy.
 S - the amulet "Xoarem" (around neck) {Reflect ^Contam Rampage rElec SH+5 SInv}
   (You found it in a treasure trove)

   [amulet of reflection]

   Reflect:   It reflects blocked missile attacks.
   rElec:     It insulates you from electricity.
   SInv:      It lets you see invisible.
   ^Contam:   It causes magical contamination when unequipped.
   SH+5:      It affects your SH (+5).
   Rampage:   It bestows one free step when moving towards enemies.
 Z - the ring of Beogh's Inspiration (left hand) {Will+ Int+4 Dex+3}
   (You took it off a deep elf blademaster on level 3 of the Elven Halls)

   [ring of willpower]

   Int+4:     It affects your intelligence (+4).
   Dex+3:     It affects your dexterity (+3).
   Will+:     It increases your willpower.
Wands
 i - a wand of digging (6)
 B - a wand of light (21)
 F - a wand of roots (51)
Scrolls
 f - 7 scrolls of immolation
 j - 9 scrolls of poison
 k - 16 scrolls of teleportation
 m - 12 scrolls of revelation
 u - 6 scrolls of enchant armour
 x - 7 scrolls of fog
 y - 5 scrolls of fear
 I - a scroll of silence
 M - 8 scrolls of blinking
 P - 2 scrolls of brand weapon
 X - 4 scrolls of amnesia
Potions
 c - 11 potions of heal wounds
 e - 13 potions of curing
 h - 7 potions of attraction
 o - 7 potions of might
 p - 7 potions of enlightenment
 t - 3 potions of berserk rage
 v - 7 potions of lignification
 C - 8 potions of brilliance
 D - 5 potions of ambrosia
 E - 11 potions of haste
 G - 11 potions of mutation
 H - 8 potions of cancellation
 N - 7 potions of magic
 R - 2 potions of invisibility
 T - 4 potions of resistance


   Skills:
 * Level 24.6(27) Fighting
 - Level 18.0(23.0) Axes
 + Level 12.5(17.5) Throwing
 * Level 24.6(27) Armour
 - Level 2.1(7.1) Dodging
 - Level 1.5(6.5) Stealth
 * Level 23.5(27) Shields
 - Level 1.3 Spellcasting
 - Level 0.6 Conjurations
 - Level 2.1 Alchemy
 - Level 15.0 Invocations


You had 23 spell levels left.
You knew the following spells:

 Your Spells              Type           Power      Damage    Failure   Level
a - Sting                 Conj/Alch      20%        1d4       34%         1

Your spell library contained the following spells:

 Spells                   Type           Power      Damage    Failure   Level
 Foxfire                  Conj/Fire      8%         2x1d4     47%         1
 Shock                    Conj/Air       8%         1d3       47%         1
 Mercury Vapours          Alch/Air       8%         N/A       50%         2
 Apportation              Tloc           2%         N/A       52%         1
 Necrotise                Necr           4%         1d4       52%         1
 Slow                     Hex            4%         N/A       52%         1
 Cigotuvi's Dreadful Rot  Necr/Alch/Air  6%         N/A       56%         2
 Static Discharge         Conj/Air       4%         3-4/arc   63%         2
 Lesser Beckoning         Tloc           2%         N/A       65%         2
 Scorch                   Fire           2%         2d5       65%         2
 Sublimation of Blood     Necr           1%         N/A       65%         2
 Mephitic Cloud           Conj/Alch/Air  4%         N/A       77%         3
 Dazzling Flash           Conj/Hex       4%         N/A       85%         3
 Hailstorm                Conj/Ice       2%         3d5       85%         3
 Confusing Touch          Hex            1%         N/A       87%         3
 Fugue of the Fallen      Necr           1%         N/A       87%         3
 Maxwell's Portable Pile  Tloc           1%         2d(5-13)  87%         3
 Ozocubu's Armour         Ice            1%         N/A       87%         3
 Swiftness                Air            1%         N/A       87%         3
 Teleport Other           Tloc           1%         N/A       87%         3
 Vampiric Draining        Necr           1%         2d6       87%         3
 Olgreb's Toxic Radiance  Alch           8%         N/A       94%         4
 Ignite Poison            Fire/Alch      4%         N/A       98%         4
 Leda's Liquefaction      Alch/Erth      2%         N/A       98%         4
 Petrify                  Alch/Erth      4%         N/A       98%         4
 Sticky Flame             Fire/Alch      4%         2d4       98%         4
 Airstrike                Air            0%         2d(1-17)  99%         4
 Brom's Barrelling Bould  Conj/Erth      2%         2d3       99%         4
 Cause Fear               Hex            0%         N/A       99%         4
 Dispel Undead            Necr           1%         3d6       99%         4
 Flame Wave               Conj/Fire      2%         2d4       99%         4
 Passage of Golubria      Tloc           1%         N/A       99%         4
 Alistair's Intoxication  Alch           5%         N/A       100%        5
 Arcjolt                  Conj/Air       1%         1d11      100%        5
 Borgnjor's Vile Clutch   Necr/Erth      0%         N/A       100%        5
 Fireball                 Conj/Fire      1%         3d3       100%        5
 Irradiate                Conj/Alch      2%         3d12      100%        5
 Iskenderun's Battlesphe  Conj           3%         2d6       100%        5
 Lee's Rapid Deconstruct  Erth           0%         3d4*      100%        5
 Metabolic Englaciation   Hex/Ice        0%         N/A       100%        5
 Yara's Violent Unravell  Hex/Alch       2%         3d3       100%        5
 Conjure Ball Lightning   Conj/Air       1%         3x3d6     100%        6
 Eringya's Noxious Bog    Alch           4%         4d6       100%        6
 Permafrost Eruption      Ice/Erth       0%         2x4d1     100%        6
 Plasma Beam              Fire/Air       0%         2x1d10    100%        6
 Starburst                Conj/Fire      1%         6d3       100%        6
 Manifold Assault         Tloc           0%         N/A       100%        7
 Orb of Destruction       Conj           1%         9d5       100%        7
 Rimeblight               Ice/Necr       0%         2d3       (prima100%   7
 Fulsome Fusillade        Conj/Alch      2%         (3-5)d4   100%        8
 Ignition                 Fire           0%         3d3       100%        8
 Maxwell's Capacitive Co  Air            0%         ∞         100%        8
 Summon Small Mammal      Summ           Unusable   N/A       N/A         1
 Summon Ice Beast         Ice/Summ       Unusable   N/A       N/A         3
 Tukima's Dance           Hex            Unusable   N/A       N/A         3
 Martyr's Knell           Necr/Summ      Unusable   N/A       N/A         4
 Summon Lightning Spire   Summ/Air       Unusable   N/A       N/A         4
 Death Channel            Necr           Unusable   N/A       N/A         6
 Sculpt Simulacrum        Ice/Alch       Unusable   N/A       N/A         6
 Summon Cactus Giant      Summ           Unusable   N/A       N/A         6
 Dragon's Call            Summ           Unusable   N/A       N/A         9

Dungeon Overview and Level Annotations

Branches:
Dungeon (15/15) Zot: 21494  Temple (1/1) D:6 Zot: 5973    Lair (5/5) D:9 Zot: 24252
  Swamp (4/4) Lair:3 Zot: 19009   Snake (4/4) Lair:3 Zot: 15291   Slime (0/5) Lair:5
    Orc (2/2) D:10 Zot: 7503     Elf (3/3) Orc:2 Zot: 11602  Vaults (4/5) D:13 Zot: 17414
  Crypt (0/3) Vaults:3     Depths (3/4) D:15 Zot: 13858   Sewer (visited)
 Bailey (visited)           IceCv (visited)

Altars:
Ashenzari
Cheibriados
Dithmenos
Elyvilon
Fedhas
Gozag
Hepliaklqana
Kikubaaqudgha
Makhleb
Nemelex Xobeh
Okawaru
Qazlal
Ru
Sif Muna
Trog
Uskayaw
Vehumet
Wu Jian
Xom
Yredelemnul
Zin
The Shining One
Beogh

Shops:
D:6 *!=[   D:12 *   Orc:2 (*=   Elf:1 =   Elf:2 !   Elf:3 *![:(:   Snake:2 (
Snake:3 :**(   Snake:4 ==:   Vaults:1 *   Vaults:2 =   Vaults:3 [=
Depths:1 *[:([

Portals:
Hell: Depths:1 Depths:2
Pandemonium: Depths:2
Ziggurat: Depths:2

Annotations:
D:6 2 transporters
Vaults:3 3 runed translucent doors, seeu12's ghost, adept DECj
Vaults:4 2 runed translucent doors, Ites's ghost, veteran DsAl; Wiefom's ghost, adept BaAr


Innate Abilities, Weirdness & Mutations

You have a pair of horns on your head.
You reflexively headbutt those who attack you in melee.


Message History

The living spell casts itself at you. Something smites you!
The stone giant throws a large rock.
The large rock hits you! The ice dragon barely misses you.
You block the ice dragon's attack. x2
The living spell casts itself at you. Something smites you!
You block the spriggan berserker's attack.
The glowing orange brain pulsates.
You resist with almost no effort.
The walking divine tome erupts in a flurry of living spells!
The spark wasp stings you!
* * * LOW HITPOINT WARNING * * *
The spark wasp shocks you. You resist.
* * * LOW HITPOINT WARNING * * *
The walking divine tome erupts in a flurry of living spells!
The rakshasa hits you but does no damage.
You take 47 HP, and have [60/223] HP !!!!!
HP Warning !!!!!
You are too injured to fight recklessly!
As you read the scroll of teleportation, it crumbles to dust.
You feel strangely unstable.
The spriggan berserker hits you with a +1 antimagic war axe!
* * * LOW HITPOINT WARNING * * *
You feel your power leaking away. The living spell casts itself at you.
Something smites you!
* * * LOW HITPOINT WARNING * * *
The spark wasp stings you but does no damage.
The stone giant throws a large rock.
The large rock hits you!!
* * * LOW HITPOINT WARNING * * *
The ice dragon bites you but does no damage.
The ice dragon claws you but does no damage.
The ice dragon tramples you but does no damage.
The rakshasa hits you but does no damage.
The living spell casts itself at you. Something smites you!
* * * LOW HITPOINT WARNING * * *
The living spell casts itself at you. Something smites you!
You die...

....#
##..............#
....# #####..........#
#..........#
#######.......#
##.....##......#
#..?#$.['......#
##.#...#)##.....#
#.[i.#.÷).#^....#
##@#...#.##.....#
...*.GyD§/#...#.######
..**.R##.C...##.#
..⌠.;; #######..#
....* ##.# ..... #(#
=... ### ##'#


You could see 2 walking divine tomes, an ice dragon (summoned), a stone giant
(summoned), a rakshasa, a spark wasp (summoned), a glowing orange brain, a
spriggan berserker (berserk, regenerating, strong-willed) and 4 living smiting
commandments.

Vanquished Creatures
  A juggernaut (Depths:2)
  the Lernaean hydra (Swamp:4)
  Bai Suzhen (Elf:2)
  Vashnia (Snake:4)
  2 golden dragons
  The ghost of Paliesy the Skinwalker, a veteran SpHu of Okawaru (Depths:2)
  4 tentacled monstrosities
  Jorgrun (D:14)
  6 liches
  A titan (Vaults:2)
  A walking frostbound tome (Depths:1)
  3 deep elf blademasters (Elf:3)
  3 sphinxes
  A quicksilver dragon (Snake:4)
  3 deep elf master archers (Elf:3)
  Frances (Swamp:1)
  6 tengu reavers
  The ghost of DANddo the Fighter, an adept DrSh of Wu Jian (Snake:3)
  3 thorn hunters
  The ghost of znke the Earth Mage, an adept GrEE of Vehumet (Elf:1)
  5 nagarajas
  2 fenstrider witches (Swamp:4)
  2 shadow dragons
  7 fire giants
  9 frost giants
  6 deep elf sorcerers
  The ghost of Huckle the Bewitcher, an adept FeSh of Ru (Elf:3)
  5 deep elf elementalists (Elf:3)
  6 vault wardens
  A reaper (IceCv)
  27 ironbound preservers
  2 ghouls (Swamp:1)
  2 angels (Depths:2)
  4 orc warlords
  3 cacodemons (Elf:3)
  9 stone giants
  4 deep elf death magi
  9 ironbound thunderhulks
  3 vampire knights
  13 very ugly things
  2 formless jellyfish
  6 eleionomae
  The ghost of Disoufrejy the Cleaver, a journeyman MiFi of Cheibriados (Lair:4)
  7 deep elf demonologists
  A caustic shrike skeleton (Depths:2)
  3 bunyips (Swamp:3)
  12 deep elf annihilators
  15 dire elephants
  3 spark wasps (Depths:2)
  A war gargoyle (Vaults:4)
  A minotaur (D:12)
  The ghost of Lovepenguin the Eclecticist, a journeyman OnFE of Vehumet (D:12)
  A merfolk javelineer (Depths:1)
  2 green deaths (Swamp:4)
  10 yaktaur captains
  2 entropy weavers (Vaults:3)
  6 ettins
  3 deep elf high priests (Elf:3)
  6 rakshasas
  6 great orbs of eyes
  2 fire dragons
  2 salamander tyrants
  15 hydras
  4 ghost crabs
  10 vault guards
  6 spriggan air magi
  Erolcha (D:9)
  2 peacekeepers
  7 ice dragons
  9 alligators
  6 ironbound frosthearts
  5 anacondas
  Erica (D:11)
  27 dancing weapons
  4 two-headed ogres
  5 centaur warriors
  6 boulder beetles
  3 deep troll shamans
  14 death yaks
  6 deep troll earth magi
  A vampire mage (Depths:1)
  6 orc high priests
  3 tengu warriors
  5 occultists
  4 spriggan berserkers
  7 shock serpents
  12 naga warriors
  18 naga sharpshooters
  10 hell knights
  23 deep elf knights
  Amaemon (D:9)
  3 skeletal warriors (D:12)
  3 iron trolls
  Lodul (D:12)
  3 salamander mystics
  6 spriggan druids
  6 goliath frogs
  6 flayed ghosts
  6 glowing orange brains
  8 swamp dragons
  8 mana vipers
  20 deep elf archers
  8 bog bodies
  83 deep trolls
  A shock serpent (shapeshifter) (Elf:3)
  4 naga ritualists
  A shadow demon (Depths:2)
  7 arcanists
  9 ironbound convokers
  Pikel (D:6)
  15 lindwurms
  2 harpies (Vaults:1)
  5 thermic dynamos
  7 orc knights
  35 deep elf zephyrmancers
  5 necromancers
  5 cyclopes
  3 will-o-the-wisps
  24 ugly things
  12 salamanders
  43 deep elf pyromancers
  A salamander (shapeshifter) (Depths:2)
  2 frost giant zombies (Depths:2)
  4 orc sorcerers
  A faun (shapeshifter) (Elf:3)
  An elephant (Lair:5)
  2 kobold blastminers (Orc:2)
  7 guardian serpents
  9 manticores
  A black mamba (shapeshifter) (Elf:3)
  6 orange demons
  Joseph (D:7)
  An ice statue (IceCv)
  10 naga magi
  2 torpor snails (Lair:4)
  12 vault sentinels
  2 gargoyles
  39 black mambas
  A yaktaur zombie (Vaults:4)
  A rime drake (Lair:4)
  16 yaktaurs
  11 cane toads
  A komodo dragon (shapeshifter) (D:15)
  Jeremiah (D:7)
  A yaktaur (shapeshifter) (D:14)
  8 komodo dragons
  2 anaconda simulacra (IceCv)
  3 tengu conjurers
  A troll (shapeshifter) (Elf:3)
  4 trolls
  A hornet (shapeshifter) (Elf:3)
  Prince Ribbit (D:7)
  6 polar bears
  15 hornets
  A queen bee (shapeshifter) (Elf:3)
  A raiju (shapeshifter) (Elf:3)
  5 tyrant leeches
  2 glass eyes (Depths:2)
  A human skeleton (Vaults:4)
  A blink frog (shapeshifter) (Elf:3)
  A snapping turtle (shapeshifter) (Vaults:1)
  12 blink frogs
  A stone giant simulacrum (Vaults:4)
  6 dream sheep
  31 slime creatures
  3 wraiths
  2 shadows
  5 air elementals
  A vampire (D:12)
  30 spriggans
  10 water elementals
  7 wyverns
  A yak (shapeshifter) (D:14)
  4 basilisks
  A dire elephant simulacrum (IceCv)
  37 yaks
  A steam dragon (D:8)
  A warg (Orc:1)
  A fire elemental (Elf:1)
  9 redbacks
  11 vampire mosquitoes
  5 death yak simulacra (IceCv)
  Edmund (D:4)
  Grum (D:8)
  33 nagas
  2 harpy simulacra (IceCv)
  A hydra simulacrum (IceCv)
  A swamp worm (shapeshifter) (Elf:3)
  16 swamp worms
  2 acid dragons
  12 water moccasins
  Pargi (Sewer)
  4 swamp drakes
  29 orc warriors
  A laughing skull (D:13)
  4 ice beasts
  A sky beast (D:7)
  6 black bears
  14 ogres
  9 centaurs
  3 boggarts (Lair:5)
  33 wolves
  2 phantoms
  13 bullfrogs
  3 kobold brigands
  A brain worm (Sewer)
  A gnoll sergeant (D:10)
  A scorpion (D:4)
  2 cane toad simulacra (IceCv)
  3 earth elementals
  6 two-headed ogre simulacra (IceCv)
  A small abomination (Swamp:4)
  5 wights
  2 elephant simulacra (IceCv)
  2 electric eels (D:13)
  6 howler monkeys
  A lava snake (D:15)
  A hound (D:5)
  2 bombardier beetles
  6 jellies
  29 orc priests
  Crazy Yiuf (D:2)
  5 iguanas
  A sleepcap (D:6)
  Ijyb (D:4)
  29 orc wizards
  8 hell rats
  4 troll simulacra (IceCv)
  4 spriggan simulacra (IceCv)
  3 wolf simulacra (IceCv)
  7 adders
  13 gnolls
  5 naga simulacra (IceCv)
  A river rat (D:9)
  A shadow imp (D:6)
  8 white imps
  10 ufetubi
  3 dart slugs
  71 orcs
  3 ball pythons
  3 endoplasms
  4 giant cockroaches
  11 goblins
  3 hobgoblins
  23 kobolds
  3 training dummies (Snake:3)
  18 bats
  3 frilled lizards
  2 rats
1690 creatures vanquished.

Vanquished Creatures (others)
  A lich (Depths:2)
  A fire giant (Depths:3)
  An ironbound preserver (Vaults:2)
  A deep elf knight (Elf:1)
  A swamp dragon (Swamp:3)
  3 deep elf zephyrmancers (Elf:1)
  3 bloated husks
  A kobold (D:8)
  10 foxfires
22 creatures vanquished.

Grand Total: 1712 creatures vanquished

Notes
Turn   | Place    | Note
-------+----------+-------------------------------------------
     0 | D:1      | Lovepenguin the Minotaur Alchemist began the quest for the
                  | Orb.
     0 | D:1      | Reached XP level 1. HP: 14/14 MP: 1/1
   277 | D:1      | Reached skill level 1 in Fighting
   277 | D:1      | Reached skill level 1 in Armour
   401 | D:2      | Reached XP level 2. HP: 23/23 MP: 3/3
   814 | D:2      | Found a runed translucent door.
   815 | D:2      | Noticed Crazy Yiuf
   917 | D:2      | Reached XP level 3. HP: 29/29 MP: 4/4
  1029 | D:2      | Killed Crazy Yiuf
  1034 | D:2      | Identified the +4 hammer "Haesashru" {venom, rC+ Str+4
                  | Stlth+}
  1141 | D:3      | You fall into a shaft and drop 2 floors!
  1141 | D:5      | Entered Level 5 of the Dungeon
  1162 | D:5      | Reached XP level 4. HP: 38/38 MP: 5/5
  1170 | D:4      | Noticed Edmund
  1173 | D:4      | Noticed a phantom
  1280 | D:4      | Reached XP level 5. HP: 32/46 MP: 6/6
  1780 | D:3      | Found a snail-covered altar of Cheibriados.
  1847 | D:3      | Found a hazy altar of Hepliaklqana.
  2181 | D:4      | Killed Edmund
  2182 | D:4      | Reached XP level 6. HP: 55/55 MP: 7/7
  2241 | D:4      | Reached skill level 5 in Fighting
  2241 | D:4      | Reached skill level 5 in Armour
  2460 | D:4      | Found a shadowy altar of Dithmenos.
  2460 | D:4      | Found a glowing golden altar of the Shining One.
  2611 | D:4      | Noticed Ijyb
  2627 | D:4      | Killed Ijyb
  2834 | D:5      | Reached XP level 7. HP: 57/63 MP: 8/8
  3497 | D:6      | Reached XP level 8. HP: 61/74 MP: 9/9
  3581 | D:6      | Found Soer's Antique Armour Shoppe.
  3594 | D:6      | Reached skill level 1 in Axes
  3597 | D:6      | Bought a pair of brightly glowing boots for 237 gold pieces
  3597 | D:6      | Identified the +2 pair of boots of Sloth {rF+ Dex+2} (You
                  | bought it in a shop on level 6 of the Dungeon)
  3677 | D:6      | Found Quydgh's Magic Scroll Shop.
  3742 | D:6      | Found Renupuw's Distillery.
  3815 | D:6      | Found a transporter.
  3818 | D:6      | Found a staircase to the Ecumenical Temple.
  3827 | Temple   | Entered the Ecumenical Temple
  3840 | Temple   | Became a worshipper of Warmaster Okawaru
  3899 | D:6      | Found a transporter.
  3913 | D:6      | Reached skill level 1 in Shields
  3945 | D:6      | Found a glowing drain.
  3963 | Sewer    | Entered a sewer
  3997 | Sewer    | Reached skill level 1 in Invocations
  4112 | Sewer    | Noticed Pargi
  4126 | Sewer    | Killed Pargi
  4398 | D:6      | Noticed a brown ugly thing
  4435 | D:6      | Found Judigg's Jewellery Boutique.
  4583 | D:6      | Found Judaud's General Store.
  4749 | D:6      | Bought a scroll of identify for 24 gold pieces
  4749 | D:6      | Bought a scroll of identify for 24 gold pieces
  4867 | D:7      | Noticed Pikel
  4895 | D:6      | Killed Pikel
  4895 | D:6      | Reached * piety under Okawaru
  4896 | D:6      | Reached skill level 5 in Axes
  4896 | D:6      | Reached XP level 9. HP: 69/82 MP: 10/10
  4950 | D:7      | Noticed Joseph
  4972 | D:7      | Killed Joseph
  4972 | D:7      | Reached ** piety under Okawaru
  5011 | D:7      | Noticed Prince Ribbit
  5022 | D:7      | Killed Prince Ribbit
  5085 | D:7      | Found a flagged portal.
  5117 | Bailey   | Entered a bailey
  5130 | Bailey   | Noticed an orc warlord
  5201 | Bailey   | Found a runed translucent gate.
  5204 | Bailey   | Found a runed translucent gate.
  5206 | Bailey   | Found a runed translucent gate.
  5363 | Bailey   | Killed an orc warlord
  5363 | Bailey   | Reached *** piety under Okawaru
  5364 | Bailey   | Reached skill level 5 in Shields
  5364 | Bailey   | Reached XP level 10. HP: 91/91 MP: 10/12
  5443 | D:7      | Reached XP level 11. HP: 97/97 MP: 13/13
  5494 | D:7      | Noticed Jeremiah
  5534 | D:7      | Killed Jeremiah
  5800 | D:8      | Reached **** piety under Okawaru
  6049 | D:8      | Noticed Grum
  6058 | D:8      | Killed Grum
  6746 | D:9      | Reached skill level 10 in Armour
  6819 | D:9      | Found a staircase to the Lair.
  6860 | D:9      | Reached skill level 10 in Fighting
  7021 | D:9      | Noticed Erolcha
  7151 | D:6      | Bought a scorched chain mail for 237 gold pieces
  7151 | D:6      | Identified the +0 chain mail "Yxzeyzxocown" {rN++ rCorr
                  | Stlth+} (You bought it in a shop on level 6 of the Dungeon)
  7477 | D:9      | Found a blossoming altar of Fedhas.
  7779 | D:10     | Entered Level 10 of the Dungeon
  8090 | D:10     | Found a roughly hewn altar of Beogh.
  8090 | D:10     | Found a staircase to the Orcish Mines.
  8348 | D:10     | Reached ***** piety under Okawaru
  8349 | D:10     | Reached skill level 5 in Invocations
  8396 | D:10     | Noticed a two-headed ogre
  8406 | D:10     | Killed a two-headed ogre
  8406 | D:10     | Received a gift from Okawaru
  8510 | D:10     | Noticed Amaemon
  8607 | D:9      | Killed Amaemon
  8608 | D:9      | Reached skill level 15 in Axes
  9160 | Orc:1    | Entered Level 1 of the Orcish Mines
  9162 | Orc:1    | Noticed an orc sorcerer
  9230 | D:10     | Killed an orc sorcerer
  9773 | Orc:2    | Entered Level 2 of the Orcish Mines
 10170 | Orc:2    | Reached XP level 12. HP: 89/108 MP: 15/15
 10205 | Orc:2    | Paralysed by an orc sorcerer for 4 turns
 10831 | Orc:2    | Noticed an orc high priest
 10840 | Orc:2    | Killed an orc high priest
 10871 | Orc:2    | Noticed an orc high priest
 11087 | Orc:1    | Killed an orc high priest
 11087 | Orc:1    | Received a gift from Okawaru
 11499 | Orc:2    | Noticed an orc high priest
 11523 | Orc:2    | Killed an orc high priest
 11540 | Orc:2    | Noticed an orc high priest
 11557 | Orc:2    | Killed an orc high priest
 12166 | Orc:2    | Found Turch's Weapon Boutique.
 12166 | Orc:2    | Found Tuupunk's Jewellery Shop.
 12167 | Orc:2    | Found Bowkadeo's Assorted Antiques.
 12171 | Orc:2    | Found Hicku's Magic Scroll Boutique.
 12176 | Orc:2    | Bought a scroll of identify for 44 gold pieces
 12176 | Orc:2    | Bought a scroll labelled INEIKL EGOKE for 22 gold pieces
 12176 | Orc:2    | Bought a potion of curing for 66 gold pieces
 12176 | Orc:2    | Bought 2 potions of attraction for 132 gold pieces
 12177 | Orc:2    | Bought a scroll of blinking for 97 gold pieces
 12177 | Orc:2    | Bought a scroll of enchant armour for 97 gold pieces
 12177 | Orc:2    | Bought a scroll of fog for 52 gold pieces
 12177 | Orc:2    | Bought a scroll of fear for 52 gold pieces
 12177 | Orc:2    | Bought a scroll of identify for 26 gold pieces
 12177 | Orc:2    | Bought a scroll of fog for 52 gold pieces
 12177 | Orc:2    | Bought a scroll of noise for 13 gold pieces
 12177 | Orc:2    | Bought a scroll of noise for 13 gold pieces
 12177 | Orc:2    | Bought a scroll of vulnerability for 52 gold pieces
 12177 | Orc:2    | Bought a scroll of teleportation for 39 gold pieces
 12325 | Orc:2    | HP: 1/110 [orc warrior/+0 trident[an orc knight] (21)]
 12665 | Orc:2    | Found a staircase to the Elven Halls.
 12840 | Orc:2    | Received a gift from Okawaru
 13413 | D:11     | Found a frozen archway.
 13421 | IceCv    | Entered an ice cave
 14555 | IceCv    | Noticed a reaper
 14589 | IceCv    | Killed a reaper
 14719 | IceCv    | Found the +2 Maxwell's thermic engine {flame, freeze, rev}
 14734 | IceCv    | Identified the +3 quarterstaff of Resourcefulness {drain,
                  | rPois rC+ Str+3}
 15506 | D:11     | Noticed Erica
 15779 | D:11     | Reached XP level 13. HP: 106/117 MP: 17/17
 16547 | D:11     | Killed Erica
 16618 | D:12     | Found a runed translucent gate.
 16618 | D:12     | Found a runed translucent gate.
 16618 | D:12     | Found a runed translucent gate.
 16622 | D:12     | Noticed a minotaur
 16623 | D:12     | Noticed Lovepenguin's ghost (journeyman OnFE)
 16625 | D:12     | Noticed a fire dragon
 16658 | D:12     | Received a gift from Okawaru
 17306 | D:12     | Found Quleoceu's General Store.
 17314 | D:12     | Bought a scroll of vulnerability for 64 gold pieces
 17314 | D:12     | Bought a potion of heal wounds for 80 gold pieces
 17376 | D:12     | Noticed Lodul
 17387 | D:12     | Killed Lodul
 18284 | D:13     | Received a gift from Okawaru
 19644 | D:13     | Found a gate to the Vaults.
 19644 | D:13     | Noticed an ironbound preserver
 19656 | D:13     | Reached ****** piety under Okawaru
 19659 | D:13     | Killed an ironbound preserver
 19659 | D:13     | Received a gift from Okawaru
 19664 | D:13     | Acquired the +3 broad axe of Okawaru's Inspiration {holy,
                  | rC++ rCorr Str+6}
 19664 | D:13     | Received a gift from Okawaru
 19668 | D:13     | Acquired the +2 hat "Coumots" {rPois Int+2}
 19668 | D:13     | Received a gift from Okawaru
 20566 | D:14     | Reached skill level 10 in Shields
 20862 | D:14     | Found a shimmering altar of Xom.
 20902 | D:14     | Noticed Jorgrun
 20919 | D:14     | Killed Jorgrun
 20920 | D:14     | Reached XP level 14. HP: 127/127 MP: 19/19
 20939 | D:15     | Entered Level 15 of the Dungeon
 20994 | D:15     | Found a hide-covered altar of Uskayaw.
 21111 | D:15     | Received a gift from Okawaru
 22151 | D:15     | Found a staircase to the Depths.
 22163 | D:15     | Received a gift from Okawaru
 22985 | D:9      | Killed Erolcha
 23019 | Lair:1   | Entered Level 1 of the Lair of Beasts
 24102 | Lair:2   | Identified the +5 ring mail "Saclekh" {rN+ Str+2}
 24745 | D:12     | Killed Lovepenguin's ghost
 24745 | D:12     | Received a gift from Okawaru
 24746 | D:12     | Reached skill level 10 in Invocations
 24815 | D:11     | Identified the +7 dagger "Rallag" {speed, rElec rPois rC+
                  | Str-5}
 25223 | D:6      | Bought a scroll of poison for 52 gold pieces
 25223 | D:6      | Bought a scroll of poison for 52 gold pieces
 25223 | D:6      | Bought a scroll of torment for 123 gold pieces
 25223 | D:6      | Bought a scroll of identify for 26 gold pieces
 25223 | D:6      | Bought a scroll of identify for 26 gold pieces
 25223 | D:6      | Bought a scroll of identify for 26 gold pieces
 25223 | D:6      | Bought a scroll of identify for 26 gold pieces
 25223 | D:6      | Bought a scroll of identify for 26 gold pieces
 25347 | D:6      | Bought a potion of cancellation for 96 gold pieces
 25347 | D:6      | Bought a scroll of teleportation for 36 gold pieces
 25347 | D:6      | Bought a scroll of teleportation for 36 gold pieces
 25347 | D:6      | Bought a stone for 1 gold piece
 25432 | D:6      | Bought a potion of brilliance for 60 gold pieces
 25432 | D:6      | Bought a potion of brilliance for 60 gold pieces
 25432 | D:6      | Bought a potion of brilliance for 60 gold pieces
 25432 | D:6      | Bought a potion of berserk rage for 75 gold pieces
 25432 | D:6      | Bought 2 potions of degeneration for 30 gold pieces
 25432 | D:6      | Bought a potion of curing for 45 gold pieces
 25432 | D:6      | Bought a potion of curing for 45 gold pieces
 25432 | D:6      | Bought a potion of might for 60 gold pieces
 25432 | D:6      | Bought a potion of enlightenment for 75 gold pieces
 25751 | Lair:3   | Found a staircase to the Snake Pit.
 25795 | Lair:3   | Received a gift from Okawaru
 25801 | Lair:3   | Reached XP level 15. HP: 119/139 MP: 21/21
 26814 | Lair:3   | Found a staircase to the Swamp.
 27112 | Lair:4   | Found a transporter.
 27112 | Lair:4   | Found a transporter.
 27112 | Lair:4   | Noticed Disoufrejy's ghost (journeyman MiFi)
 27240 | Lair:4   | Reached skill level 15 in Armour
 27528 | Lair:4   | Reached skill level 15 in Fighting
 27600 | Lair:4   | Received a gift from Okawaru
 28081 | Lair:4   | Killed Disoufrejy's ghost
 28133 | Lair:5   | Entered Level 5 of the Lair of Beasts
 28529 | Lair:5   | Received a gift from Okawaru
 28553 | Lair:5   | Got the Tome of the Tomb
 28569 | Lair:5   | Paralysed by a hornet for 3 turns
 29236 | Lair:5   | Found a staircase to the Slime Pits.
 29600 | Snake:1  | Entered Level 1 of the Snake Pit
 30049 | Snake:1  | Received a gift from Okawaru
 30267 | Snake:1  | Reached XP level 16. HP: 91/151 MP: 23/23
 30704 | Snake:1  | Reached skill level 1 in Throwing
 31808 | Snake:2  | Identified the +1 quarterstaff of the Equator {flame, rCorr
                  | Stlth+}
 31815 | Snake:2  | Found Loroymiu's Weapon Shoppe.
 32176 | Snake:2  | Received a gift from Okawaru
 33821 | Snake:3  | Received a gift from Okawaru
 34230 | Snake:3  | Found Eradd's Firing Range.
 34336 | Snake:3  | Reached skill level 15 in Shields
 34477 | Snake:3  | Noticed DANddo's ghost (adept DrSh)
 34478 | Snake:3  | Found a runed translucent door.
 34506 | Snake:3  | Found Reurar's General Store.
 34518 | Snake:3  | Found Duahagiu's Specific Store.
 34524 | Snake:3  | Bought a scroll of revelation for 150 gold pieces
 34524 | Snake:3  | Bought a scroll of identify for 40 gold pieces
 34532 | Snake:3  | Found Qatuiheeveu's Tiny Tomes.
 35160 | Snake:3  | Identified the +4 shortbow "Qashen" {drain, rF+ Int+3 Dex-3
                  | Stlth+}
 35167 | Snake:3  | Killed DANddo's ghost
 35399 | Snake:4  | Entered Level 4 of the Snake Pit
 36007 | Snake:4  | Received a gift from Okawaru
 36522 | Snake:4  | Noticed Vashnia
 36736 | Snake:4  | Killed Vashnia
 36900 | Snake:4  | Found the +0 cloak of the Thief {Quiet Slay-3 SInv Stlth+}
 37159 | Snake:4  | Reached XP level 17. HP: 94/162 MP: 25/25
 37165 | Snake:4  | Received a gift from Okawaru
 37372 | Snake:4  | Identified a scroll of acquirement
 37373 | Snake:4  | Acquired the amulet "Numengoy" {Will+ Regen+}
 37792 | Snake:4  | Noticed a quicksilver dragon
 37803 | Snake:4  | Killed a quicksilver dragon
 38011 | Snake:4  | Got a serpentine rune of Zot
 38045 | Snake:4  | Received a gift from Okawaru
 38231 | Snake:4  | Found Kasch's Book Boutique.
 38232 | Snake:4  | Found Hegif's Jewellery Emporium.
 38232 | Snake:4  | Found Inluy's Jewellery Emporium.
 38489 | Swamp:1  | Entered Level 1 of the Swamp
 38491 | Swamp:1  | Noticed Frances
 38512 | Swamp:1  | Killed Frances
 38623 | Swamp:1  | Noticed a tentacled monstrosity
 38630 | Swamp:1  | Killed a tentacled monstrosity
 38631 | Swamp:1  | Reached skill level 5 in Throwing
 38912 | Swamp:1  | Received a gift from Okawaru
 40034 | Swamp:2  | Identified the +5 dagger of Foul Odours {flame, ^Drain
                  | rPois Will+ Stlth+}
 40392 | Swamp:3  | Received a gift from Okawaru
 41426 | Swamp:4  | Entered Level 4 of the Swamp
 41434 | Swamp:4  | Paralysed by a fenstrider witch for 2 turns
 41606 | Swamp:3  | Reached XP level 18. HP: 131/173 MP: 26/26
 42372 | Swamp:4  | Received a gift from Okawaru
 42693 | Swamp:4  | Noticed the 27-headed Lernaean hydra
 43046 | Swamp:4  | Killed the 26-headed Lernaean hydra
 43202 | Swamp:4  | Got a decaying rune of Zot
 43812 | Elf:1    | Entered Level 1 of the Elven Halls
 43846 | Elf:1    | Found a portal to a secret trove of treasure.
 44400 | Arena    | Entered the Arena
 44822 | Elf:1    | Found Tut Sopp's Jewellery Emporium.
 44862 | Elf:1    | Received a gift from Okawaru
 45131 | Elf:1    | Bought the ring "Luahotui" {rElec rN+ Dex+6 Stlth+} for 741
                  | gold pieces
 45195 | Elf:1    | Paralysed by an air elemental for 1 turns
 45230 | Elf:1    | Found a runed translucent gate.
 45230 | Elf:1    | Found a runed translucent gate.
 45230 | Elf:1    | Found a runed translucent gate.
 45232 | Elf:1    | Noticed znke's ghost (adept GrEE)
 45235 | Elf:1    | Identified the +9 plate armour of Eternal Vigilance {rPois
                  | Stlth+}
 45818 | Elf:1    | Got the Papyrus of Wounds and the Escort
 45920 | Elf:1    | Found an iron altar of Okawaru.
 45942 | Elf:1    | Received a gift from Okawaru
 45971 | Elf:1    | Killed znke's ghost
 46158 | Elf:2    | Reached XP level 19. HP: 184/184 MP: 28/28
 46212 | Elf:2    | Found Karronagg's Distillery.
 46273 | Elf:2    | Paralysed by an air elemental for 1 turns
 46340 | Elf:2    | Paralysed by an air elemental for 1 turns
 46415 | Elf:2    | Received a gift from Okawaru
 46786 | Elf:2    | Found a runed translucent gate.
 46786 | Elf:2    | Found a runed translucent gate.
 46786 | Elf:2    | Found a runed translucent gate.
 47548 | Elf:3    | Entered Level 3 of the Elven Halls
 47648 | Elf:3    | Received a gift from Okawaru
 47672 | Elf:3    | Noticed Bai Suzhen
 47727 | Elf:2    | Killed Bai Suzhen
 47874 | Elf:3    | Found Gaeveboi's Weapon Shop.
 47876 | Elf:3    | Found Kasarph's Book Boutique.
 47879 | Elf:3    | Found Tyoneum's Antique Armour Shop.
 47966 | Elf:3    | Paralysed by an air elemental for 1 turns
 48018 | Elf:3    | Noticed a Tzitzimitl
 48065 | Elf:3    | Identified the ring of Beogh's Inspiration {Will+ Int+4
                  | Dex+3}
 48131 | Elf:3    | Identified the +10 war axe of Unno Xememu {heavy, rPois
                  | Str-5 SInv}
 48382 | Elf:3    | Received a gift from Okawaru
 48496 | Elf:3    | Reached XP level 20. HP: 159/198 MP: 29/29
 48557 | Elf:3    | Identified the +5 chain mail "Bicynnusm" {+Blink Stlth+}
 48583 | Elf:3    | Identified the +1 halberd "Ysel" {flame, rN+}
 48655 | Elf:3    | Identified the +6 longbow "Ytestrymm" {freeze, rF+ rN+
                  | Will- rCorr}
 48667 | Elf:3    | Identified the scarf "Imereoz" {+Inv, Fly Str+4}
 48677 | Elf:3    | Identified the +0 mace of Springtime {freeze, *Slow rCorr
                  | Int+6 Stlth+}
 48688 | Elf:3    | Identified the +1 whip "Daodib" {freeze, rN+}
 48765 | Elf:3    | Found Ixzaohemeqo's Assorted Antiques.
 48821 | Elf:3    | Bought a potion of curing for 81 gold pieces
 48846 | Elf:3    | Found Wasi Yng's One-of-a-Kind Books.
 49135 | Elf:3    | Found a runed translucent gate.
 49135 | Elf:3    | Found a runed translucent gate.
 49135 | Elf:3    | Found a runed translucent gate.
 49169 | Elf:3    | Found Fegry's Distillery.
 49366 | Elf:3    | Received a gift from Okawaru
 49452 | Elf:3    | Found a runed translucent gate.
 49452 | Elf:3    | Found a runed translucent gate.
 49454 | Elf:3    | Noticed Huckle's ghost (adept FeSh)
 49459 | Elf:3    | Found a runed translucent gate.
 49499 | Elf:3    | Killed Huckle's ghost
 49536 | Elf:3    | Identified the +2 pair of boots "Kiqob" {rPois rCorr Dex-4}
 50776 | Elf:1    | You paid a toll of a +8 demon whip to enter a treasure
                  | trove
 50777 | Trove    | Entered a treasure trove
 50784 | Trove    | Identified the ring "Soboupt" {+Blink rPois}
 50786 | Trove    | Identified the ring "Pehusero" {+Blink Int+6 Dex+3}
 50788 | Trove    | Identified the ring "Rubithot" {rF+ rN+ Will+ Slay+3
                  | Stlth+}
 50792 | Trove    | Identified the amulet of Nihilism {Faith ^Drain Fly rPois
                  | Int-3}
 50794 | Trove    | Identified the amulet "Waucoid" {Reflect Fly rN+ Str+4 SH+5
                  | Stlth+}
 50796 | Trove    | Identified the ring of Jodghiem {rPois Int+4 SInv Stlth+}
 50802 | Trove    | Identified the amulet "Xoarem" {Reflect ^Contam Rampage
                  | rElec SH+5 SInv}
 50813 | Trove    | Identified the amulet of Vedyoha {Regen+ Str-4 Dex+7}
 50815 | Trove    | Identified the amulet of Tuajed {^Contam rN+ Regen+ Int+3
                  | Dex+3}
 50818 | Trove    | Identified the amulet "Zudeyd" {Reflect SH+5 Stlth+}
 50819 | Trove    | Identified the ring of Usuimist {*Corrode rElec rF++ rN+
                  | Dex+3}
 52549 | Vaults:1 | Entered Level 1 of the Vaults
 52642 | Vaults:1 | Identified the +2 ring mail of Absence {Rampage ^Drain
                  | rElec}
 53275 | Vaults:1 | Found Ruacojos's Assorted Antiques.
 53353 | Vaults:1 | Bought a potion of curing for 75 gold pieces
 53353 | Vaults:1 | Bought a scroll of fog for 100 gold pieces
 53353 | Vaults:1 | Bought a scroll of teleportation for 75 gold pieces
 53436 | Vaults:1 | Received a gift from Okawaru
 53749 | Elf:3    | Bought 2 silver javelins for 252 gold pieces
 54409 | Vaults:1 | Acquired 1171 gold pieces
 54951 | Vaults:2 | Reached skill level 10 in Throwing
 54975 | Vaults:2 | Received a gift from Okawaru
 55375 | Vaults:2 | Reached XP level 21. HP: 190/207 MP: 30/30
 55783 | Vaults:2 | Received a gift from Okawaru
 56487 | Vaults:2 | Found Ycaol's Jewellery Shoppe.
 56970 | Vaults:3 | Received a gift from Okawaru
 57222 | Vaults:3 | Reached skill level 15 in Invocations
 57363 | Vaults:3 | Found a staircase to the Crypt.
 57363 | Vaults:3 | Found a basalt altar of Yredelemnul.
 57363 | Vaults:3 | Found an ancient bone altar of Kikubaaqudgha.
 57484 | Vaults:3 | Found Ipseawnio's Jewellery Boutique.
 57531 | Vaults:3 | Found Uroffuoc's Armour Emporium.
 57553 | Vaults:3 | Found a runed translucent gate.
 57553 | Vaults:3 | Found a runed translucent gate.
 57553 | Vaults:3 | Found a runed translucent gate.
 57556 | Vaults:3 | Noticed seeu12's ghost (adept DECj)
 58167 | Vaults:4 | Found a flickering gateway to a bazaar.
 58176 | Bazaar   | Entered a bazaar
 58176 | Bazaar   | Found Atiustra's Antique Weapon Shop.
 58201 | Bazaar   | Found Utusoimm's Distillery.
 58223 | Bazaar   | Found Mefurat's Antique Armour Shop.
 58251 | Bazaar   | Bought 2 potions of lignification for 102 gold pieces
 58251 | Bazaar   | Bought 2 potions of curing for 102 gold pieces
 58251 | Bazaar   | Bought a potion of curing for 51 gold pieces
 58251 | Bazaar   | Bought a potion of magic for 136 gold pieces
 58251 | Bazaar   | Bought a potion of heal wounds for 85 gold pieces
 58251 | Bazaar   | Bought a potion of lignification for 51 gold pieces
 58251 | Bazaar   | Bought a potion of attraction for 51 gold pieces
 58251 | Bazaar   | Bought a potion of magic for 136 gold pieces
 58251 | Bazaar   | Bought a potion of might for 68 gold pieces
 58301 | Vaults:4 | Received a gift from Okawaru
 58822 | Vaults:4 | Found a large runed translucent door.
 58822 | Vaults:4 | Found a large runed translucent door.
 58822 | Vaults:4 | Noticed Ites's ghost (veteran DsAl)
 58822 | Vaults:4 | Noticed Wiefom's ghost (adept BaAr)
 58958 | Vaults:4 | Found a runed translucent door.
 59026 | Vaults:4 | Received a gift from Okawaru
 59027 | Vaults:4 | Reached XP level 22. HP: 174/220 MP: 32/32
 59819 | Vaults:4 | Identified the +0 helmet "Pimminka" {Fly Will+}
 60140 | Depths:1 | Entered Level 1 of the Depths
 60142 | Depths:1 | Found Qoufipaf's Book Emporium.
 60170 | Depths:1 | Received a gift from Okawaru
 60578 | Depths:1 | Found Utuowask's Antique Armour Shoppe.
 60599 | Depths:1 | Identified the +5 shortbow "Imofez" {antimagic, rPois rC+
                  | SInv Stlth+}
 60649 | Depths:1 | Found Evuefosk's General Store.
 60653 | Depths:1 | Bought a scroll of teleportation for 57 gold pieces
 60653 | Depths:1 | Bought a throwing net for 57 gold pieces
 60653 | Depths:1 | Bought a potion of haste for 190 gold pieces
 60706 | Depths:1 | Found a gateway to Hell.
 60736 | Depths:1 | Found Pyvur's Antique Armour Shop.
 60986 | Depths:1 | Found Rooluptu's Antique Weapon Shoppe.
 61147 | Depths:2 | Noticed a juggernaut
 61162 | Depths:2 | Killed a juggernaut
 61176 | Depths:2 | Received a gift from Okawaru
 61904 | Depths:2 | Received a gift from Okawaru
 61931 | Depths:2 | Noticed a golden dragon
 61942 | Depths:2 | Killed a golden dragon
 62467 | Depths:2 | Found a runed translucent door.
 62655 | Depths:2 | Identified the +2 ring mail of True Grit {Int+4}
 62790 | Depths:2 | Found a one-way gateway to a ziggurat.
 62835 | Depths:2 | Noticed Paliesy's ghost (veteran SpHu)
 63071 | Depths:2 | Killed Paliesy's ghost
 63180 | Depths:2 | Identified the +1 chain mail of the Zebrataur {rF+}
 63237 | Depths:2 | Found a one-way gate leading to the halls of Pandemonium.
 64195 | Depths:3 | Reached XP level 23. HP: 137/229 MP: 33/33
 64233 | Depths:3 | Noticed a caustic shrike
 64571 | Depths:3 | Received a gift from Okawaru
 64706 | Depths:3 | HP: 3/223 [living spell/divine providence[a walking divine
                  | tome] (13)]
 64706 | Depths:3 | Killed from afar by a living spell

Illustrated notes

Levels and vault maps discovered:
D:1:      dpeg_arrival_pits, layout_rooms
D:2:      layout_loops_ring, uniq_crazy_yiuf_cottage
D:3:      layout_loops_corners, mainiacjoe_overflow_big_doors
D:4:      layout_cave_pools, amethyst_overflow_temple_binary,
          amcnicky_mini_rare_corridor_liquid, uniq_edmund, uniq_ijyb
D:5:      wander_river, layout_basic
D:6:      layout_basic, minmay_temple_entry_junction,
          gammafunk_ghost_abyssal_escape, gup_sewer_entry_glass, serial_shops,
          nicolae_shop_tiny_glass, nicolae_shop_industrial_runoff, shop,
          nicolae_shop_rolled_up, nicolae_shop_temple_entry_statues_fountains,
          minivault_24, serial_library_hellmonk_angled_corner
D:7:      layout_cave_pools, enter_bailey_5, uniq_prince_ribbit1, uniq_jeremiah,
          uniq_joseph, uniq_pikel
D:8:      layout_loops_ring, minivault_22, uniq_grum
D:9:      layout_long_grid, fedhas_altar_fruit_tree, dpeg_lair_monsters,
          uniq_erolcha
D:10:     layout_irregular_city, david_orc_5, uniq_amaemon
D:11:     layout_basic, portal_ice_cave_entry_pillars_1,
          nicolae_straight_to_the_point, uniq_erica
D:12:     layout_roguey, serial_shops, shop, maelrawn_ghost_gauntlet_escape,
          uniq_lodul
D:13:     layout_basic, skrybe_vaults_entry_preservation
D:14:     layout_basic, hangedman_decor_lopped,
          regret_index_xom_buried_treasure, minivault_19, uniq_jorgrun
D:15:     kennysheep_seaside_town, layout_irregular_city,
          nicolae_uskayaw_suspiria
Temple:   minmay_crystal_spiral_temple
Lair:1:   layout_regular_city
Lair:2:   layout_big_grid, lemuel_fruit_tree
Lair:3:   layout_cave_pods, palyth_hydra_swamp_entry,
          guppyfry_snake_entry_garden, grunt_megastairs_1, lemuel_fruit_fields
Lair:4:   layout_regular_city, gammafunk_ghost_arena
Lair:5:   minmay_lair_end_enchanted_forest, layout_gridlike,
          dpeg_slime_entry_enclosed, grunt_megastairs_4
Swamp:1:  layout_basic_swamp, evilmike_swamp_ruin_house_1,
          nicolae_swamp_little_tower, uniq_frances
Swamp:2:  layout_basic_swamp, hangedman_swamp_ruin_wall, swamp_pool_3
Swamp:3:  layout_basic_swamp, evilmike_swamp_ruin_house_2, swamp_pool_3
Swamp:4:  swamp_vile, layout_basic_swamp
Snake:1:  layout_chambers
Snake:2:  layout_cave_town, serial_shops, nicolae_shop_bloodbath_and_beyond
Snake:3:  layout_layer_cave, gammafunk_ghost_grave,
          nicolae_shop_i_like_small_books_too, nicolae_specific_store,
          nicolae_shop_firing_range
Snake:4:  hellmonk_snake_rune_quicksilver_temple, layout_basic,
          grunt_ministairs_8, minmay_shop_grove, serial_bayou_shore_b,
          uniq_vashnia
Orc:1:    layout_caves, lightli_orcish_oven
Orc:2:    st_orc_mages, layout_caves
Elf:1:    layout_gridlike, serial_shops, nicolae_shop_crystal,
          gammafunk_ghost_fury_of_okawaru, nicolae_trove_entry_columns,
          minmay_elf_sorcery
Elf:2:    elven_hall_of_blades_hangedman_original
          [nicolae_blade_entry_area_security], layout_geoelf_diagonals,
          serial_shops, shop
Elf:3:    minmay_elf_hall_statues, layout_loops_ring, serial_shops, shop,
          nicolae_shop_statue_plus, ploomutoo_gammafunk_ghost_potion_laboratory,
          nicolae_rare_books, minmay_shop_star, uniq_bai_suzhen
Vaults:1: hangedman_vaults_variations, nicolae_vaults_spaceships, v_pattern_4,
          nicolae_vaults_heart-shaped_vault, nicolae_vaults_house_3, v_misc_31,
          nicolae_vaults_closet_pinwheel_2, v_alt_pattern_3,
          vaults_room_stairs_pillars, v_misc_16, nicolae_vaults_whirlpool_walls,
          nicolae_vaults_tangram_1, layout_vaults_maze_snakey, serial_shops,
          shop
Vaults:2: hangedman_vaults_pinch, nicolae_vaults_wrenched, st_lattice,
          nicolae_vaults_circle_grid_a, vaults_room_large_hall,
          hangedman_vaults_corner_blocks, ontoclasm_vaults_gateway, v_rooms_3,
          nicolae_vaults_cochlea, nicolae_vaults_little_squares_1,
          vaults_room_boxed, nicolae_vaults_house_2, layout_vaults_big_cross,
          serial_shops, shop_statue
Vaults:3: ebering_ghost_rock_garden, nicolae_vaults_closet_pinwheel_2,
          vaults_room_mumra_shop_pool, v_pattern_5, vaults_mumra_hex,
          layout_vaults_omnigrid, minmay_crypt_entry_necro_gods, serial_shops,
          shop
Vaults:4: advil_vaults_ghost_guards, v_misc_10, vaults_room_ringed_pool,
          nicolae_vaults_oozy_zoo, nicolae_vaults_little_squares_5, v_rooms_4,
          v_misc_12, hangedman_vaults_nails, nicolae_vaults_shelves_hall,
          vaults_dpeg_hooks, grunt_vaults_hallway_short,
          layout_vaults_chaotic_city, serial_shops, bzr_in_the_mist
Depths:1: layout_cave_pools, solitary_fountain, serial_shops,
          nicolae_shop_dealshenge, shop, shop, nicolae_shop_real_fake_doors,
          nicolae_shop_tiny_real_fake_doors, hell_entry, minmay_misc_feat_chi,
          drop_trap, nicolae_the_louvre
Depths:2: minmay_four_inscribed_fans, layout_gridlike, enter_ziggurat_f,
          hangedman_coc_ice_floe, serial_library_hellmonk_recessed_alcove,
          grunt_pan_entry_sceptre, ebering_ghost_reflecting_pool
Depths:3: minmay_heptahexagon, layout_gridville, elyvilon_altar_3,
          pf_hell_entry_tar_river, abyss_entry, hangedman_decor_riveting,
          minmay_staircase_statues

Skill      XL: |  1  2  3  4  5  6  7  8  9 10 11 12 13 14 15 16 17 18 19 20 21 22 |
---------------+-------------------------------------------------------------------+-----
Fighting       | 1 2 3 4 6 7 8 9 10 11 12 14 16 17 18 19 21 22 23 24 | 24.6
Armour         | 1 2 3 4 6 7 8 9 10 11 13 14 16 17 18 19 21 22 23 24 | 24.6
Axes           | 5 8 14 15 16 18 | 18.0
Shields        | 3 5 6 8 10 12 14 15 17 18 19 20 22 23 | 23.5
Invocations    | 2 4 5 7 8 10 11 12 13 14 15 | 15.0
Throwing       | 4 6 7 9 10 11 12 | 12.5
Dodging        | |  2.1
Stealth        | |  1.5
Spellcasting   | |  1.3
Conjurations   | |  0.6
Alchemy        | |  2.1

Action                     |  1- 3 |  4- 6 |  7- 9 | 10-12 | 13-15 | 16-18 | 19-21 | 22-24 || total
---------------------------+-------+-------+-------+-------+-------+-------+-------+-------++-------
  Melee: Unarmed           |     8 |       |       |       |       |       |       |       ||     8
         Headbutt          |     9 |     9 |    50 |   200 |   274 |   321 |   523 |   234 ||  1620
         Dagger            |    24 |       |       |       |       |       |       |       ||    24
         Mace              |     8 |    68 |   248 |   864 |    46 |       |       |       ||  1234
         War axe           |       |       |       |       |   147 |       |       |       ||   147
         Broad axe         |       |       |       |       |   838 |  1370 |  1644 |   882 ||  4734
         Demon trident     |       |       |       |       |    15 |     4 |       |       ||    19
   Fire: Sling             |    41 |       |       |       |       |       |       |       ||    41
  Throw: Javelin           |       |       |       |       |       |    10 |    27 |     8 ||    45
         Dart              |       |       |       |       |       |       |     2 |       ||     2
         Throwing net      |       |       |       |       |       |       |     2 |       ||     2
 Invoke: Heroism           |       |       |       |     1 |     3 |    19 |    10 |     5 ||    38
         Finesse           |       |       |       |     1 |       |     7 |     5 |     1 ||    14
         Receive Weapon    |       |       |       |       |     1 |       |       |       ||     1
         Receive Armour    |       |       |       |       |     1 |       |       |       ||     1
         Duel              |       |       |       |       |       |     1 |       |       ||     1
  Evoke: Wand              |       |       |       |    12 |     2 |     2 |     4 |     1 ||    21
    Use: Scroll            |       |       |     5 |    15 |    12 |    15 |    18 |    10 ||    75
         Potion            |       |       |     1 |     2 |     1 |     7 |     8 |       ||    19
   Stab: Invisible         |       |       |       |       |       |       |     3 |       ||     3
 Armour: Robe              |    23 |       |       |       |       |       |       |       ||    23
         Chain mail        |    30 |    51 |    25 |   565 |   396 |       |       |       ||  1067
         Plate armour      |       |       |   246 |   152 |       |     3 |  1004 |   426 ||  1831
         Ring mail         |       |       |       |       |   305 |  1119 |       |       ||  1424
  Dodge: Dodged            |    28 |    35 |    93 |   210 |   232 |   420 |   258 |   137 ||  1413
  Block: Kite shield       |       |       |   118 |   391 |   377 |   931 |   516 |       ||  2333
         Tower shield      |       |       |       |    23 |   294 |       |  1125 |   954 ||  2396
         Reflection        |       |       |       |       |       |       |    35 |     7 ||    42

Table legend: (Time is in decaauts)
 A = Elapsed time spent in this place.
 B = Non-inter-level travel time spent in this place.
 C = Inter-level travel time spent in this place.
 D = Time resting spent in this place.
 E = Time spent auto-exploring this place.
 F = Levels seen in this place.
 G = Mean time per level.
                   A        B        C        D        E       F      G
               +--------+--------+--------+--------+--------+-----+--------+
         Total |  64210 |  55449 |   8761 |   9977 |  33994 |  47 | 1366.2 |
       Dungeon |  20516 |  15587 |   4929 |   2281 |  10172 |  15 | 1367.7 |
        Temple |     26 |      2 |     24 |      0 |      0 |   1 |   26.0 |
          Lair |   5747 |   5214 |    533 |    284 |   4061 |   5 | 1149.4 |
         Swamp |   4990 |   4593 |    397 |   1058 |   2433 |   4 | 1247.5 |
     Snake Pit |   8708 |   8421 |    287 |   2100 |   5296 |   4 | 2177.0 |
  Orcish Mines |   4496 |   3607 |    889 |   1103 |   1708 |   2 | 2248.0 |
   Elven Halls |   6397 |   5439 |    958 |   1402 |   2454 |   3 | 2132.3 |
        Vaults |   6585 |   6018 |    567 |    517 |   4374 |   4 | 1646.2 |
        Depths |   4141 |   3967 |    174 |    272 |   2730 |   3 | 1380.3 |
        Bazaar |     89 |     89 |      0 |      0 |     50 |   1 |   89.0 |
         Trove |     71 |     71 |      0 |      0 |     16 |   1 |   71.0 |
         Sewer |    371 |    371 |      0 |    249 |     40 |   1 |  371.0 |
        Bailey |    356 |    356 |      0 |     49 |    169 |   1 |  356.0 |
      Ice Cave |   1694 |   1694 |      0 |    654 |    489 |   1 | 1694.0 |
         Arena |     17 |     17 |      0 |      4 |      0 |   1 |   17.0 |
               +--------+--------+--------+--------+--------+-----+--------+

Top non-repeatable levels by time:
Depths:2: 3065 daAuts
   Orc:2: 2926 daAuts
    D:15: 2855 daAuts
   Elf:3: 2633 daAuts
 Snake:3: 2446 daAuts
    D:13: 2437 daAuts
    D:11: 2359 daAuts
 Snake:4: 2257 daAuts
 Snake:1: 2104 daAuts
   Elf:1: 1963 daAuts
 Snake:2: 1899 daAuts
    D:12: 1854 daAuts
Vaults:4: 1824 daAuts
   Elf:2: 1801 daAuts
    D:10: 1774 daAuts
